 Dungeon Crawl Stone Soup version 0.21-a0-531-gacddea6 (webtiles) character file.

61 tof the Slasher (level 3, 0/28 HPs)
             Began as a Demonspawn Gladiator on Dec 12, 2017.
             Slain by Terence
             ... wielding a +0 mace
              (5 damage)
             ... on level 2 of the Dungeon.
             The game lasted 00:01:47 (1288 turns).

tof the Slasher (Demonspawn Gladiator)              Turns: 1288, Time: 00:01:47

Health: 0/28       AC:  6    Str: 14    XL:     3   Next: 83%
Magic:  3/3        EV: 11    Int:  9    God:
Gold:   70         SH:  0    Dex: 15    Spells: 2/2 levels left

rFire    . . .     SeeInvis .   a - +0 long sword
rCold    . . .     Gourm    .   (no shield)
rNeg     . . .     Faith    .   p - +0 ring mail
rPois    .         Spirit   .   c - +0 helmet
rElec    .         Reflect  .   (no cloak)
rCorr    .         Harm     .   (no gloves)
MR       .....     Rnd*Tele +   (no boots)
Stlth    +.........             (no amulet)
HPRegen  0.09/turn              g - ring of wizardry
MPRegen  0.08/turn              n - ring of teleportation (curse)

@: no status effects
A: demonic guardian 1
a: no special abilities


You were on level 2 of the Dungeon.
You were not hungry.

You visited 1 branch of the dungeon, and saw 2 of its levels.

You collected 70 gold pieces.

Inventory:

Hand Weapons
 a - a +0 long sword (weapon)
Missiles
 d - 3 throwing nets (quivered)
Armour
 c - a +0 helmet (worn)
 p - a +0 ring mail (worn)
Jewellery
 g - a ring of wizardry (left hand)
 n - a cursed ring of teleportation (right hand)
Scrolls
 e - a scroll of enchant armour {unknown}
 i - a scroll of identify {unknown}
 m - a scroll of blinking {unknown}
Potions
 h - 3 potions of heal wounds {unknown}
 k - a potion of flight {unknown}
 o - 2 potions of berserk rage {unknown}
Comestibles
 b - a chunk of flesh
 f - a bread ration
 j - a fruit


   Skills:
 + Level 2.5 Fighting
 * Level 3.4 Long Blades
 + Level 2.2 Throwing
 + Level 1.2 Armour
 - Level 2.6 Dodging


You had 2 spell levels left.
You didn't know any spells.

Dungeon Overview and Level Annotations

Branches:
Dungeon (2/15)

Altars:

Annotations:
D:2 Terence


Innate Abilities, Weirdness & Mutations

A weak demonic guardian rushes to your aid.


Message History

The bat hits you but does no damage.
Your shadow imp barely misses the bat.
Terence hits you with a mace.
* * * LOW HITPOINT WARNING * * *
You hit Terence but do no damage.
Terence is moderately wounded.
The bat completely misses you.
Your shadow imp hits the bat.
The bat hits you but does no damage. Terence misses you.
You riposte.
You hit Terence but do no damage.
Terence is moderately wounded.
Your shadow imp closely misses the bat.
You hit Terence but do no damage.
Terence is moderately wounded.
The bat misses you. The bat barely misses your shadow imp.
The bat barely misses you. Terence hits you with a mace.
* * * LOW HITPOINT WARNING * * *
Your shadow imp closely misses the bat.
You hit Terence.
Terence is moderately wounded.
The bat hits you but does no damage. Terence hits you with a mace.
You die...

#....####.#
#####.#....#..#
##.....#......#
##.............##
#.........b.....#
#...............#
#........@[.....#
#........@5......
#.........).!....
######.............##
#...........#.....##
#.........#########
#.........# #.........##
#..........###### ##
#...............##########
#.


You could see Terence, a bat and a friendly shadow imp.

Vanquished Creatures
  Jessica (D:2)
  An adder (D:2)
  An ooze (D:2)
  2 dart slugs (D:1)
  2 bats
  3 hobgoblins (D:1)
  3 jackals (D:1)
  A frilled lizard (D:2)
  3 kobolds (D:1)
  A rat (D:1)
18 creatures vanquished.

Vanquished Creatures (collateral kills)
  A hobgoblin (D:2)
1 creature vanquished.

Grand Total: 19 creatures vanquished

Notes
Turn   | Place    | Note
-------+----------+-------------------------------------------
     0 | D:1      | tof the Demonspawn Gladiator began the quest for the Orb.
     0 | D:1      | Reached XP level 1. HP: 16/16 MP: 1/1
   277 | D:1      | Gained mutation: A weak demonic guardian rushes to your aid. [demonic ancestry]
   277 | D:1      | Reached XP level 2. HP: 19/22 MP: 2/2
   370 | D:1      | Reached skill level 3 in Long Blades
  1040 | D:2      | Reached XP level 3. HP: 13/28 MP: 3/3
  1257 | D:2      | Reached skill level 1 in Armour
  1275 | D:2      | Noticed Terence
  1278 | D:2      | Noticed Jessica
  1284 | D:2      | Killed Jessica
  1288 | D:2      | Slain by Terence

Vault maps used:
D:1:      zaba_arrival_water, corexii_item_surrounded_by_moat
D:2:      minmay_heptomino_o4, uniq_jessica, uniq_crazy_yiuf_cottage,
          uniq_terence

Skill      XL: |  1  2  3 |
---------------+----------+-----
Long Blades    | 3 |  3.4
Throwing       | 2 |  2.2
Armour         | 1 |  1.2
Fighting       | |  2.5
Dodging        | |  2.6

Action                   || total
-------------------------++-------
Melee: Long sword        ||    56
  Eat: Chunk             ||     1
Armor: Leather armour    ||     5
       Scale mail        ||     7
       Ring mail         ||    17
Dodge: Dodged            ||    53
       Rpst.: Long sword ||    17

Table legend:
 A = Spawn XP
 B = Non-spawn XP
 C = Spawn XP percentage of total XP
 D = Spawn monster count
 E = Non-spawn monster count
 F = Spawn count percentage of total count
 G = Total turns spent on level
                    A         B        C        D         E        F      G
               +---------+---------+-------+---------+---------+-------+---------
         Total |       0 |      88 |   0.0 |       0 |      19 |   0.0 |  1288
               +---------+---------+-------+---------+---------+-------+---------
           D:1 |       0 |      27 |   0.0 |       0 |      13 |   0.0 |  1029
           D:2 |       0 |      61 |   0.0 |       0 |       6 |   0.0 |   259
               +---------+---------+-------+---------+---------+-------+---------
